 Dungeon Crawl Stone Soup version 0.30-a0-634-g8abc85282e (webtiles) character file.

Game seed: 16602617119141690562

51 Dirtsage the Changer (level 3, -5/23 HPs)
             Began as an Octopode Transmuter on Jan 14, 2023.
             Killed from afar by Natasha (6 damage)
             ... with a magic dart
             ... on level 2 of the Dungeon.
             The game lasted 00:02:36 (1604 turns).

Dirtsage the Changer (Octopode Transmuter)          Turns: 1604, Time: 00:02:37

Health: -5/23      AC:  1    Str:  9    XL:     3   Next: 83%
Magic:  15/15      EV: 13    Int: 17    God:
Gold:   60         SH:  0    Dex: 12    Spells: 3/6 levels left

rFire   . . .      SeeInvis .      - Unarmed
rCold   . . .      Faith    .    (no shield)
rNeg    . . .      Spirit   .    (helmet currently unavailable)
rPois   .          Reflect  .    (no amulet)
rElec   .          Harm     .    i - ring of magical power
rCorr   .          Rampage  .    (no ring)
Will    .....                    (no ring)
Stlth   ++                       (no ring)
HPRegen 0.23/turn                (no ring)
MPRegen 0.14/turn                (no ring)
                                 (no ring)
                                 (no ring)

@: appendages (expiring)
A: tentacle spike 3, almost no armour, amphibious, 8 rings, camouflage 1,
gelatinous body 1, (nimble swimmer 1), tentacles
a: End Transformation


You were on level 2 of the Dungeon.
One of your tentacles had grown a beastly spike.
You visited 1 branch of the dungeon, and saw 2 of its levels.

You collected 60 gold pieces.

Inventory:

Jewellery
 i - a ring of magical power (left tentacle)
Scrolls
 d - a scroll of identify {unknown}
 e - a scroll of blinking {unknown}
 h - 2 scrolls of teleportation {unknown}
Potions
 a - 3 potions of lignification
 b - 2 potions of curing {unknown}
 c - a potion of berserk rage {unknown}
 f - a potion of attraction {unknown}
 g - a potion of haste {unknown}
 j - a potion of might {unknown}


   Skills:
 - Level 1.0 Fighting
 - Level 2.0 Dodging
 - Level 3.0 Unarmed Combat
 - Level 2.0 Spellcasting
 * Level 3.1 Transmutations
 * Level 2.2 Ice Magic


You had 3 spell levels left.
You knew the following spells:

 Your Spells              Type           Power      Damage    Failure   Level
a - Beastly Appendage     Tmut           24%        N/A       5%          1
b - Wereblood             Tmut           12%        N/A       8%          2

Your spell library contained the following spells:

 Spells                   Type           Power      Damage    Failure   Level
 Static Discharge         Conj/Air       2%         2-3/arc   28%         2
 Spider Form              Tmut/Pois      7%         N/A       30%         3
 Inner Flame              Hex/Fire       1%         N/A       50%         3
 Vhi's Electric Charge    Tloc/Air       2%         N/A       50%         3
 Ice Form                 Ice/Tmut       10%        N/A       54%         4
 Flame Wave               Conj/Fire      1%         2d4       88%         4
 Sticky Flame             Conj/Fire      1%         2d3       88%         4
 Arcjolt                  Conj/Air       0%         1d10      99%         5
 Lightning Bolt           Conj/Air       0%         1d11      99%         5


Dungeon Overview and Level Annotations

Branches:
Dungeon (2/15)

Altars:
Makhleb

Shops:
D:1 *

Annotations:
D:2 Natasha


Innate Abilities, Weirdness & Mutations

One of your tentacles has grown a beastly spike.
You cannot wear most types of armour.
You are amphibious.
You can wear up to eight rings at the same time.
Your skin changes colour to match your surroundings (Stealth+).
Your rubbery body absorbs attacks. (AC +1, EV +1)
((You are camouflaged when in or above water. (Stealth+)))
You have tentacles for arms and can constrict up to eight enemies at once.


Message History

The rat is heavily wounded.
You constrict the rat.
You kill the rat!
Your transformation is almost over.
The shadow imp shouts, "Disclaim thyself, thou lumpish flap-mouthed frater!"
Natasha mumbles some strange words.
The shadow imp misses you. Natasha closely misses you.
You tentacle-slap Natasha. You grab Natasha.
You pierce Natasha, but do no damage.
Natasha is lightly wounded.
You constrict Natasha. The shadow imp gestures at you.
Pain shoots through your body!
Ouch! That really hurt!
Natasha casts a spell at you. The magic dart hits you.
* * * LOW HITPOINT WARNING * * *
The crimson imp blinks!
You take 19 damage, and have 4/23 hp.
MASSIVE DAMAGE!!
You tentacle-slap Natasha.
You pierce Natasha.
Your squeeze misses Natasha.
Natasha is heavily wounded.
You constrict Natasha, but do no damage.
The shadow imp shouts, "Turn tail, thou baffled milk-livered boar-pig!"
The shadow imp hits you.
* * * LOW HITPOINT WARNING * * *
Natasha misses you.
You take 2 damage, and have 2/23 hp.
You tentacle-slap Natasha but do no damage.
You squeeze Natasha, but do no damage.
Natasha is heavily wounded.
You constrict Natasha.
The crimson imp blinks!
The shadow imp hits you.
* * * LOW HITPOINT WARNING * * *
Natasha closely misses you.
You take 1 damage, and have 1/23 hp.
You tentacle-slap Natasha. You squeeze Natasha, but do no damage.
Natasha is almost dead.
You constrict Natasha. The shadow imp closely misses you.
Natasha stares at you and mumbles some strange words.
The magic dart hits you.
You die...

. ##. ##+# .# ##...##
##.# # ##.....## #.5##
.#
##.......###.#ยง###.#
#.........##.#.....###
+.........'?..5.......
#.........##..@h.#.##
#.......###..#.##
##.....## #..###
##...## #... ##'##
##.## #.# #.# #.# #.#
##.#######.#
##..........#


You could see Natasha, a crimson imp (summoned) and a shadow imp (summoned).

Vanquished Creatures
  An adder (D:2)
  7 endoplasms
  A giant cockroach (D:1)
  4 goblins
  3 hobgoblins
  2 jackals (D:2)
  A kobold (D:2)
  2 quokkas (D:1)
  5 ball pythons
  5 bats
  A frilled lizard (D:1)
  5 rats
37 creatures vanquished.

Notes
Turn   | Place    | Note
-------+----------+-------------------------------------------
     0 | D:1      | Dirtsage the Octopode Transmuter began the quest for the
                  | Orb.
     0 | D:1      | Reached XP level 1. HP: 13/13 MP: 3/3
   233 | D:1      | Reached skill level 1 in Ice Magic
   233 | D:1      | Reached XP level 2. HP: 18/18 MP: 5/5
   436 | D:1      | Found Keagea's General Store.
   444 | D:1      | Learned a level 2 spell: Wereblood
   690 | D:1      | Reached XP level 3. HP: 19/23 MP: 6/6
  1132 | D:2      | Found a faded altar of an unknown god.
  1567 | D:2      | Found a burning altar of Makhleb.
  1596 | D:2      | Noticed Natasha
  1603 | D:2      | HP: 1/23 [shadow imp[Natasha] (1)]
  1604 | D:2      | Killed from afar by Natasha

Illustrated notes

Levels and vault maps discovered:
D:1:      dpeg_arrival_water_temple_mockup, layout_basic, serial_shops,
          nicolae_shop_waterfront
D:2:      layout_loops_corners, ebering_ecumenical_altar_mist, basic_altar,
          uniq_natasha

Skill      XL: |  1  2  3 |
---------------+----------+-----
Ice Magic      | 1 2 |  2.2
Transmutations | 3 |  3.1
Fighting       | |  1.0
Dodging        | |  2.0
Unarmed Combat | |  3.0
Spellcasting   | |  2.0

Action                   || total
-------------------------++-------
Melee: Unarmed           ||    83
       Constrict         ||    18
       Tentacles         ||    16
       Kick              ||     9
       Punch             ||     1
 Cast: Beastly Appendage ||     7
       Wereblood         ||     1
 Stab: Sleeping          ||     6
Armor: Skin              ||    12
Dodge: Dodged            ||    49

Table legend: (Time is in decaauts)
 A = Elapsed time spent in this place.
 B = Non-inter-level travel time spent in this place.
 C = Inter-level travel time spent in this place.
 D = Time resting spent in this place.
 E = Time spent auto-exploring this place.
 F = Levels seen in this place.
 G = Mean time per level.
                   A        B        C        D        E       F      G
               +--------+--------+--------+--------+--------+-----+--------+
         Total |   1598 |   1574 |     24 |      0 |   1342 |   2 |  799.0 |
       Dungeon |   1598 |   1574 |     24 |      0 |   1342 |   2 |  799.0 |
               +--------+--------+--------+--------+--------+-----+--------+

Top non-repeatable levels by time:
     D:1: 913 daAuts
     D:2: 684 daAuts
